details: '1v1 tourny vs human TM'

« prev index next »

General information

Mini Map

Players

team 1
NightElfLW-Stupidus (orange | 74 APM | 1373 actions | 18:29)
Hero icon 5 Dark Ranger
Ability icon 3 Black Arrow
Ability icon 2 Silence
Hero icon 3 Pandaren Brewmaster
Ability icon 2 Breath of Fire
Ability icon 1 Drunken Haze

» actions
Assign group hotkey42
Basic commands89
Build / train68
ESC pressed1
Enter build submenu24
Enter hero's abilities submenu8
Right click599
Select / deselect312
Select group hotkey182
Use ability48
1373 total
» units
Wisp30
Archer8
Huntress6
Hippogryph6
Chimaera2
52 total
» upgrades
Nature's Blessing1
Corrosive Breath1
Improved Bows1
3 total
» buildings
Moon Well9
Ancient of War2
Altar of Elders1
Hunter's Hall1
Tree of Life3
Tree of Ages1
Ancient of Wind1
Ancient of Wonders1
Tree of Eternity1
Chimaera Roost3
23 total
» build order
00:08 Moon Well
00:22 Ancient of War
00:30 Altar of Elders
01:37 Moon Well
02:30 Ancient of War
02:42 Hunter's Hall
03:12 Moon Well
05:08 Tree of Life
05:47 Tree of Ages
08:04 Moon Well
09:20 Ancient of Wind
09:43 Ancient of Wonders
11:00 Tree of Eternity
12:14 Moon Well
12:15 Moon Well
13:26 Chimaera Roost
13:27 Chimaera Roost
13:28 Chimaera Roost
13:36 Moon Well
14:38 Tree of Life
15:19 Moon Well
15:58 Moon Well
17:06 Tree of Life
» items
Scroll of Town Portal1
1 total
team 2
HumanMsY)RayMoND (pink | 120 APM | 2221 actions | 18:28)
Hero icon 5 Archmage
Ability icon 3 Summon Water Elemental
Ability icon 2 Brilliance Aura

» actions
Assign group hotkey49
Basic commands18
Build / train92
ESC pressed2
Enter build submenu29
Enter hero's abilities submenu5
Right click780
Select / deselect379
Select group hotkey717
Use ability150
2221 total
» units
Peasant31
Footman17
Goblin Zeppelin2
Goblin Shredder1
Rifleman6
Goblin Sapper3
Mud Golem1
61 total
» upgrades
Masonry1
Gunpowder1
2 total
» buildings
Altar of Kings1
Farm7
Barracks1
Scout Tower19
Arcane Tower4
Town Hall2
Lumber Mill1
Guard Tower6
Arcane Vault1
Blacksmith1
Keep1
44 total
» build order
00:09 Altar of Kings
00:11 Farm
00:54 Barracks
01:04 Farm
02:01 Farm
02:41 Farm
03:16 Scout Tower
04:04 Arcane Tower
04:26 Town Hall
04:30 Scout Tower
04:57 Arcane Tower
04:57 Arcane Tower
04:58 Arcane Tower
05:04 Lumber Mill
05:59 Scout Tower
06:00 Scout Tower
06:01 Scout Tower
06:02 Scout Tower
06:34 Guard Tower
07:01 Guard Tower
07:41 Guard Tower
08:17 Arcane Vault
09:45 Farm
10:16 Scout Tower
10:58 Blacksmith
12:10 Farm
12:11 Farm
13:09 Scout Tower
13:45 Scout Tower
14:51 Guard Tower
14:52 Scout Tower
15:41 Scout Tower
15:44 Guard Tower
16:05 Town Hall
16:08 Guard Tower
17:31 Scout Tower
17:32 Scout Tower
17:33 Scout Tower
17:34 Scout Tower
17:35 Scout Tower
17:56 Scout Tower
17:58 Scout Tower
17:58 Scout Tower
18:00 Keep
» items
Scroll of Regeneration4
Lesser Clarity Potion2
Scroll of Town Portal1
Scroll of Protection1
8 total